[Event "Titled Tuesday Blitz August 1 Late 2023"]
[White "Nikolova, Adriana"]
[Black "Tqebuchava, Zurab"]
[WhiteFideId "2908689"]
[BlackFideId "13601113"]
[WhiteElo "2406"]
[BlackElo "2275"]
[Result "1-0"]
[Round "8"]
[TimeControl "180+1"]
[Date "2023.08.01"]
[WhiteClock "0:00:56"]
[BlackClock "0:00:00"]
[Board "106"]

1. d4 d6 2. Bf4 Nf6 3. e3 Nbd7 4. Nf3 g6 5. h3 Bg7 6. Be2 O-O 7. Bh2 c6 8. O-O a5 9. c4 Re8 10. Nc3 Nb6 11. Re1 Bf5 12. Nd2 d5 13. c5 Nc8 14. a3 h5 15. Be5 Nd7 16. Bxg7 Kxg7 17. f4 Nf6 18. b4 axb4 19. axb4 Rxa1 20. Qxa1 Qd7 21. Nf3 Qe6 22. Ne5 Ne4 23. Nxe4 Bxe4 24. Qa8 f6 25. Nf3 Bxf3 26. Bxf3 Qd7 27. Qa1 e6 28. e4 Ne7 29. f5 exf5 30. e5 Ng8 31. Qa7 fxe5 32. dxe5 Re6 33. Qb8 g5 34. Bxh5 Nh6 35. Bd1 d4 36. Bb3 Re7 37. Qd6 d3 38. Qf6+ Kh7 39. e6 d2 40. Rd1 Qd8 41. Rxd2 Qxd2 42. Qxe7+ Kg6 43. Qe8+ Kg7 44. Qd7+ Kg6 45. Qxd2 1-0


[Site "https://www.chess.com"]

[Event "Titled Tuesday Blitz August 1 Late 2023"]
[White "Osmonbekov, Talaibek"]
[Black "Shapiro, Daniel"]
[WhiteFideId "2017253"]
[BlackFideId "2001780"]
[WhiteElo "2208"]
[BlackElo "2373"]
[Result "1-0"]
[Round "8"]
[TimeControl "180+1"]
[Date "2023.08.01"]
[WhiteClock "0:00:13"]
[BlackClock "0:00:26"]
[Board "107"]

1. d4 Nf6 2. Nc3 d5 3. Bf4 a6 4. e3 e6 5. Nf3 Bd6 6. Bd3 b5 7. O-O Bb7 8. Ne2 O-O 9. Bg5 Nbd7 10. c3 c5 11. Ng3 h6 12. Bf4 Qc7 13. Qd2 Rfe8 14. Bxd6 Qxd6 15. dxc5 Nxc5 16. Bc2 e5 17. e4 Rad8 18. Rad1 Qb6 19. exd5 Bxd5 20. Qe2 Bc4 21. Qe3 Bxf1 22. Rxf1 Na4 23. Qe2 Nc5 24. Nf5 Qe6 25. h3 Qxa2 26. b4 Na4 27. Nxh6+ gxh6 28. Bh7+ Kxh7 29. Qxa2 Nxc3 30. Qxf7+ Kh8 31. Qxf6+ Kg8 32. Qg6+ Kf8 33. Qxh6+ Kf7 34. Ng5+ 1-0


[Site "https://www.chess.com"]

[Event "Titled Tuesday Blitz August 1 Late 2023"]
[White "AndresDelgado77"]
[Black "De Souza, Cristiano Gomes"]
[BlackFideId "2151758"]
[WhiteElo "2371"]
[BlackElo "2234"]
[Result "0-1"]
[Round "8"]
[TimeControl "180+1"]
[Date "2023.08.01"]
[WhiteClock "0:00:00"]
[BlackClock "0:00:40"]
[Board "108"]

1. e4 c5 2. Nf3 d6 3. d4 cxd4 4. Qxd4 Nc6 5. Bb5 Qa5+ 6. Nc3 Qxb5 7. Nxb5 Nxd4 8. Nfxd4 Kd8 9. c4 a6 10. Nc3 Nf6 11. f3 e5 12. Nc2 Be6 13. Ne3 Rc8 14. Bd2 Be7 15. b3 g6 16. g4 h5 17. g5 Nd7 18. Ned5 Nc5 19. Ke2 Bxd5 20. Nxd5 Ne6 21. Ba5+ Ke8 22. h4 Rf8 23. Bc3 f6 24. gxf6 Bxf6 25. Rag1 Kf7 26. Rh2 Rg8 27. Kd3 Rcf8 28. a4 Ke8 29. Rhg2 Bxh4 30. Rxg6 Rxf3+ 31. Ke2 Rf2+ 32. Ke3 Rxg6 33. Rxg6 Nc5 34. Rxd6 Nxb3 35. Bxe5 Ra2 36. Rb6 Bf2+ 37. Kf4 Bxb6 38. Nxb6 Nc5 39. Kg5 Nxa4 40. Nd5 Nc5 41. Kf5 Rf2+ 42. Bf4 Nd3 43. e5 Nxf4 44. Nxf4 Rc2 45. Nxh5 Rxc4 46. Nf6+ Kf7 47. e6+ Ke7 48. Nd5+ Ke8 49. Kf6 b5 50. e7 Rc6+ 51. Ke5 a5 52. Kd4 b4 0-1


[Site "https://www.chess.com"]

[Event "Titled Tuesday Blitz August 1 Late 2023"]
[White "Vila Dupla, Aurelio"]
[Black "Chabris, Christopher"]
[WhiteFideId "2203383"]
[BlackFideId "2005263"]
[WhiteElo "2165"]
[BlackElo "2350"]
[Result "0-1"]
[Round "8"]
[TimeControl "180+1"]
[Date "2023.08.01"]
[WhiteClock "0:00:14"]
[BlackClock "0:00:39"]
[Board "109"]

1. Nf3 Nf6 2. d4 e6 3. g3 d5 4. Bg2 b5 5. O-O Bb7 6. b3 Nbd7 7. Ne5 c5 8. Nxd7 Qxd7 9. Ba3 b4 10. Bb2 Rc8 11. a3 a6 12. dxc5 Bxc5 13. axb4 Bxb4 14. Bxf6 gxf6 15. Qd4 Be7 16. c4 e5 17. Qd2 d4 18. Bxb7 Qxb7 19. Qa5 Rc6 20. Qd5 O-O 21. Nd2 Rd8 22. Qf3 Qd7 23. g4 Kh8 24. Ra4 Rg8 25. h3 f5 26. Kh1 fxg4 27. Qxf7 g3 28. Qh5 g2+ 0-1


[Site "https://www.chess.com"]

[Event "Titled Tuesday Blitz August 1 Late 2023"]
[White "Burke, Paul"]
[Black "Rego, Pedro Filipe"]
[WhiteFideId "2605767"]
[BlackFideId "1904310"]
[WhiteElo "1910"]
[BlackElo "2344"]
[Result "0-1"]
[Round "8"]
[TimeControl "180+1"]
[Date "2023.08.01"]
[WhiteClock "0:00:19"]
[BlackClock "0:00:58"]
[Board "110"]

1. e4 c5 2. Nf3 d6 3. d4 cxd4 4. c3 Nf6 5. Bd3 dxc3 6. Nxc3 g6 7. O-O Bg7 8. h3 O-O 9. Bg5 Nc6 10. Rc1 Bd7 11. Qd2 Rc8 12. Bh6 Qa5 13. Bxg7 Kxg7 14. Rfd1 Qh5 15. Nh2 Qa5 16. f4 a6 17. Nf3 Qb6+ 18. Kh1 Nh5 19. Kh2 Nd4 20. Nh4 Bc6 21. g4 Nf6 22. g5 Nh5 23. Rf1 e6 24. Ne2 Nxe2 25. Qxe2 e5 26. f5 Nf4 27. Rxf4 exf4 28. Rf1 Bb5 29. f6+ Kh8 30. Bxb5 Qxb5 31. Qf2 Qd3 32. Qxf4 Rc2+ 33. Ng2 Re8 34. Qg4 Qxf1 0-1


[Site "https://www.chess.com"]

[Event "Titled Tuesday Blitz August 1 Late 2023"]
[White "ElenGajger"]
[Black "Cooper, Aaron"]
[BlackFideId "2634945"]
[WhiteElo "2527"]
[BlackElo "2313"]
[Result "1-0"]
[Round "8"]
[TimeControl "180+1"]
[Date "2023.08.01"]
[WhiteClock "0:01:12"]
[BlackClock "0:00:00"]
[Board "111"]

1. e4 c5 2. Nc3 Nc6 3. Bb5 Nd4 4. Bc4 e6 5. Nf3 Ne7 6. O-O Nec6 7. Nxd4 Nxd4 8. Ne2 Be7 9. Nxd4 cxd4 10. c3 Qb6 11. d3 O-O 12. cxd4 Qxd4 13. Qc2 Bf6 14. Rb1 d5 15. Be3 Qe5 16. Bb3 dxe4 17. dxe4 Bd7 18. f4 Qh5 19. Bc4 Rac8 20. Qb3 b5 21. Bd3 e5 22. f5 a6 23. Rbc1 Bg5 24. Bxg5 Qxg5 25. Rxc8 Rxc8 26. f6 Bh3 27. Rf2 Rc1+ 28. Bf1 Rxf1+ 29. Kxf1 Qc1+ 30. Ke2 Bg4+ 31. Kd3 Qc5 32. Qd5 Qc8 33. fxg7 Be6 34. Qxe5 Qc4+ 35. Ke3 Qb4 36. Rd2 1-0


[Site "https://www.chess.com"]

[Event "Titled Tuesday Blitz August 1 Late 2023"]
[White "Ahn, Hongjin"]
[Black "Castro Silva, Moises Antonio"]
[WhiteFideId "13201492"]
[BlackFideId "3909794"]
[WhiteElo "2311"]
[BlackElo "2440"]
[Result "0-1"]
[Round "8"]
[TimeControl "180+1"]
[Date "2023.08.01"]
[WhiteClock "0:00:00"]
[BlackClock "0:00:05"]
[Board "112"]

1. e4 c5 2. c3 Nf6 3. e5 Nd5 4. d4 d6 5. Bc4 dxe5 6. dxe5 Be6 7. Nf3 Nc6 8. O-O g6 9. Re1 Bg7 10. Qe2 Qc7 11. Nbd2 O-O 12. Nf1 Rfd8 13. Ng3 h6 14. Bd2 Na5 15. Bd3 c4 16. Bc2 b5 17. Rad1 Nc6 18. Be4 Rd7 19. h4 Rad8 20. h5 Nxe5 21. Nxe5 Qxe5 22. hxg6 Nf6 23. gxf7+ Bxf7 24. Bh7+ Nxh7 25. Qxe5 Bxe5 26. Rxe5 Rxd2 27. Rxd2 Rxd2 28. Rxe7 Rxb2 29. Rxa7 Rc2 30. Nf5 Be6 31. Nxh6+ Kh8 32. Ra8+ Kg7 33. Ra7+ Kxh6 34. f4 Kg6 35. g4 Bxg4 36. Ra6+ Kf5 37. Rh6 Nf6 38. Rh4 Ne4 39. Rh8 Rc1+ 40. Kg2 Kxf4 41. Rf8+ Bf5 0-1


[Site "https://www.chess.com"]

[Event "Titled Tuesday Blitz August 1 Late 2023"]
[White "The_Straightforward_Rook"]
[Black "Omariev, Maksim"]
[BlackFideId "4193423"]
[WhiteElo "2308"]
[BlackElo "2436"]
[Result "0-1"]
[Round "8"]
[TimeControl "180+1"]
[Date "2023.08.01"]
[WhiteClock "0:02:35"]
[BlackClock "0:02:23"]
[Board "113"]

1. e4 c5 2. d4 cxd4 3. c3 dxc3 4. Nxc3 Nc6 5. Bc4 e6 6. Nf3 a6 7. O-O Nge7 8. Qe2 Ng6 9. Rd1 Be7 10. h3 O-O 11. Be3 b5 12. Rac1 bxc4 13. Qxc4 a5 14. Nb5 Ba6 15. a4 Nb4 16. Qb3 Bxb5 17. axb5 d5 18. exd5 Nxd5 19. b6 Bb4 20. b7 Rb8 21. Nd4 Rxb7 22. Nc6 Qa8 0-1


[Site "https://www.chess.com"]

[Event "Titled Tuesday Blitz August 1 Late 2023"]
[White "Miguelitro69"]
[Black "Bazilius, Augustinas"]
[BlackFideId "12832251"]
[WhiteElo "2299"]
[BlackElo "2430"]
[Result "0-1"]
[Round "8"]
[TimeControl "180+1"]
[Date "2023.08.01"]
[WhiteClock "0:00:25"]
[BlackClock "0:00:14"]
[Board "114"]

1. e4 c5 2. Nf3 a6 3. g3 b5 4. Bg2 Bb7 5. Qe2 d6 6. O-O Nf6 7. d3 e6 8. b3 Nbd7 9. Bb2 Be7 10. Nbd2 O-O 11. Rad1 Re8 12. c4 bxc4 13. Nxc4 d5 14. Nce5 Nxe5 15. Nxe5 Qc7 16. Rc1 Qb6 17. g4 Red8 18. g5 Nd7 19. exd5 Bxd5 20. g6 hxg6 21. Nxg6 Bf6 22. Bxd5 exd5 23. Ne7+ Bxe7 24. Qxe7 Qg6+ 25. Kh1 Qxd3 26. Rg1 d4 27. Qg5 g6 28. Ba3 Qf3+ 29. Rg2 Re8 30. Rg1 Re5 31. Qh4 Rae8 32. Bc1 Re1 33. h3 Rxg1+ 34. Kxg1 Re1+ 35. Kh2 Rxc1 36. Qd8+ Nf8 37. Qd6 Qf5 38. Qg3 Qe6 39. h4 Re1 40. h5 Qe5 41. hxg6 Qxg3+ 42. Kxg3 Nxg6 43. Kf3 Re5 44. Rg5 Rxg5 45. Ke2 Re5+ 46. Kd3 Nf4+ 47. Kc4 Re2 48. Kxc5 Rxa2 49. Kxd4 Rxf2 50. Ke4 Rb2 51. Kxf4 Rxb3 52. Ke5 Rb5+ 53. Kd4 f5 54. Kc4 f4 55. Kd3 a5 56. Ke2 a4 57. Kf3 a3 58. Kxf4 a2 59. Ke4 a1=Q 0-1


[Site "https://www.chess.com"]

[Event "Titled Tuesday Blitz August 1 Late 2023"]
[White "Rodriguez, Santiago"]
[Black "Georg, Heinz"]
[WhiteFideId "3000591"]
[BlackFideId "4607295"]
[WhiteElo "2412"]
[BlackElo "2295"]
[Result "1-0"]
[Round "8"]
[TimeControl "180+1"]
[Date "2023.08.01"]
[WhiteClock "0:00:19"]
[BlackClock "0:00:19"]
[Board "115"]

1. d4 e6 2. Nf3 f5 3. Nc3 Nf6 4. Bg5 Bb4 5. Qd3 b6 6. Bxf6 Qxf6 7. e4 Bxc3+ 8. bxc3 fxe4 9. Qxe4 Nc6 10. Bd3 Bb7 11. O-O-O O-O-O 12. Rhf1 h6 13. h4 Rhf8 14. Kb2 Kb8 15. Qg6 Ne7 16. Qxf6 gxf6 17. Be2 Rg8 18. g3 f5 19. Ne5 Rg7 20. c4 Nc6 21. Nxc6+ dxc6 22. c3 Rf8 23. Bf3 f4 24. g4 c5 25. d5 exd5 26. cxd5 Rd7 27. c4 Ba6 28. Kc3 Re8 29. Rfe1 Rde7 30. Rxe7 Rxe7 31. d6 cxd6 32. Rxd6 Rh7 33. Be4 Rg7 34. f3 Bb7 35. Bxb7 Kxb7 36. Rxh6 Re7 37. Rd6 Re3+ 38. Rd3 Re2 39. a3 Kc6 40. h5 Rh2 41. Rd5 Rh3 42. Rf5 Rxf3+ 43. Kb2 a6 44. g5 Rh3 45. g6 Rg3 46. Rxf4 b5 47. Rf6+ Kb7 48. Rf7+ Kc6 49. g7 bxc4 50. Rf6+ Kd5 51. Rg6 Rb3+ 52. Kc2 1-0


[Site "https://www.chess.com"]

[Event "Titled Tuesday Blitz August 1 Late 2023"]
[White "Stachanczyk, Jacek"]
[Black "Garmendiarov"]
[WhiteFideId "1116657"]
[WhiteElo "2386"]
[BlackElo "2276"]
[Result "1-0"]
[Round "8"]
[TimeControl "180+1"]
[Date "2023.08.01"]
[WhiteClock "0:01:01"]
[BlackClock "0:00:03"]
[Board "116"]

1. e4 c5 2. b3 Nc6 3. Bb2 Nf6 4. Nc3 d5 5. exd5 Nxd5 6. Nxd5 Qxd5 7. Qf3 Qxf3 8. Nxf3 f6 9. O-O-O e5 10. h3 Be7 11. Bc4 Na5 12. Bd5 Bd7 13. Nh2 Bc6 14. Bxc6+ Nxc6 15. Ng4 Nd4 16. Rde1 Kf7 17. Ne3 Rhd8 18. Rhf1 Rac8 19. f4 e4 20. Bxd4 cxd4 21. Nf5 Re8 22. Kd1 d3 23. cxd3 exd3 24. Rxe7+ Rxe7 25. Nd6+ Ke6 26. Nxc8 Rc7 27. Nxa7 Rc5 28. Rf3 Ra5 29. Nc8 Kd7 30. Nb6+ Kc6 31. Na4 b5 32. Nc3 b4 33. Na4 Rd5 34. Nb2 Rd4 35. Nxd3 Kb5 36. Kc2 f5 37. Nb2 Re4 38. Rf2 g6 39. Nc4 h6 40. g4 Rd4 41. gxf5 gxf5 42. Ne3 Rd6 43. Nxf5 Rc6+ 44. Kb2 Rd6 45. Ne3 Rf6 46. f5 Kc5 47. Ng4 Rd6 48. f6 1-0


[Site "https://www.chess.com"]

[Event "Titled Tuesday Blitz August 1 Late 2023"]
[White "Necromon"]
[Black "Cardozo Munar, Carlos Eduardo"]
[BlackFideId "4409477"]
[WhiteElo "2383"]
[BlackElo "2262"]
[Result "1/2-1/2"]
[Round "8"]
[TimeControl "180+1"]
[Date "2023.08.01"]
[WhiteClock "0:00:11"]
[BlackClock "0:00:30"]
[Board "117"]

1. Nf3 Nf6 2. b3 g6 3. Bb2 Bg7 4. c4 O-O 5. g3 d5 6. cxd5 Qxd5 7. Nc3 Qh5 8. Bg2 c6 9. O-O Bh3 10. d3 Nbd7 11. Qd2 Rad8 12. Qf4 e5 13. Qe3 Rfe8 14. Qxa7 b6 15. Qa4 b5 16. Qh4 Bxg2 17. Qxh5 Nxh5 18. Kxg2 Nc5 19. Rfc1 Bf8 20. Nd1 Ng7 21. Bxe5 Nf5 22. d4 Ne4 23. Rxc6 f6 24. Bxf6 Nxf6 25. Rxf6 Rxe2 26. Nc3 Rc2 27. Nxb5 Ne3+ 28. Kg1 Ng4 29. Rf4 Nxf2 30. Ng5 Nd3 31. Rf3 Nb4 32. Ne6 Re8 33. Rxf8+ Rxf8 34. Nxf8 Kxf8 35. a4 Ke7 36. a5 Na6 37. Re1+ Kd7 38. Rf1 Rb2 39. Rf7+ Kc6 40. Na7+ Kd5 41. Rd7+ Ke4 42. Nc6 Rxb3 43. d5 Nc5 44. Rd8 Ra3 45. d6 Kd5 46. Ne7+ Ke6 47. Nc8 Ne4 48. Rh8 Rxa5 49. Rxh7 Nxd6 50. Nxd6 Kxd6 51. Rg7 Rg5 52. Kf2 Ke6 53. h4 Rf5+ 54. Kg2 Kf6 55. Ra7 Rb5 56. Kh3 Rb3 57. Ra6+ Kg7 58. Kg4 Rb4+ 59. Kh3 Rb3 60. Ra4 Rb1 61. Kg4 Kh6 62. Ra6 Rb4+ 63. Kh3 Rb3 64. Kh2 Rb2+ 65. Kg1 Rb1+ 66. Kf2 Rb2+ 67. Kf3 Rb3+ 68. Kg4 Rb4+ 69. Kh3 Rb3 70. Ra7 Rc3 71. Ra8 Rb3 72. Ra2 Rc3 73. Kg2 Kh5 74. Kf2 Kg4 75. Ra4+ Kh3 76. Ra5 Rxg3 77. Rg5 Rxg5 78. hxg5 Kg4 79. Kg2 Kf4 80. Kf2 Kg4 81. Kg2 Kxg5 82. Kg3 Kf5 83. Kf3 Kg5 84. Kg3 Kf5 85. Kf3 g5 86. Kg3 Kg6 87. Kg4 Kf6 88. Kg3 Kf5 89. Kf3 g4+ 90. Kg3 Kg5 91. Kg2 Kh4 92. Kh2 g3+ 93. Kg2 Kg4 94. Kg1 Kh3 95. Kh1 Kg4 96. Kg1 Kf4 97. Kg2 Kg4 98. Kg1 1/2-1/2


[Site "https://www.chess.com"]

[Event "Titled Tuesday Blitz August 1 Late 2023"]
[White "KorolDimitriy75"]
[Black "Petersson, Kjell"]
[BlackFideId "1705148"]
[WhiteElo "2357"]
[BlackElo "2197"]
[Result "0-1"]
[Round "8"]
[TimeControl "180+1"]
[Date "2023.08.01"]
[WhiteClock "0:00:00"]
[BlackClock "0:00:21"]
[Board "118"]

1. d4 f5 2. c4 Nf6 3. Nf3 e6 4. g3 d5 5. Bg2 c6 6. O-O Bd6 7. Bf4 Bxf4 8. gxf4 O-O 9. Ne5 Nbd7 10. Nd2 Ne4 11. e3 Nxd2 12. Qxd2 Qh4 13. f3 Nxe5 14. fxe5 Bd7 15. f4 Be8 16. Rf3 dxc4 17. Qb4 b5 18. Qd6 Bf7 19. Rh3 Qd8 20. Qxc6 Rb8 21. Rc1 a5 22. Rg3 Qc8 23. Qf3 b4 24. Qe2 c3 25. bxc3 bxc3 26. Qd3 Rb2 27. Qxc3 Qxc3 28. Rxc3 Rxa2 29. Bf3 Rb8 30. Rc1 Rbb2 31. Rg2 Rxg2+ 32. Bxg2 h6 33. Rc8+ Kh7 34. Rc7 Bh5 35. d5 exd5 36. Bxd5 Ra1+ 37. Kf2 a4 38. e6 a3 39. e7 a2 40. Ra7 Rd1 41. Bxa2 Rd2+ 42. Kg3 Rd3 43. Be6 Rxe3+ 44. Kh4 Rxe6 45. Kxh5 Re2 46. h3 Re3 0-1


[Site "https://www.chess.com"]

[Event "Titled Tuesday Blitz August 1 Late 2023"]
[White "Kanyamarala, Trisha"]
[Black "Da Matta, Eduardo Cesar"]
[WhiteFideId "45004722"]
[BlackFideId "2193108"]
[WhiteElo "2353"]
[BlackElo "2230"]
[Result "1-0"]
[Round "8"]
[TimeControl "180+1"]
[Date "2023.08.01"]
[WhiteClock "0:00:50"]
[BlackClock "0:00:33"]
[Board "119"]

1. c4 c5 2. Nc3 Nc6 3. g3 g6 4. Bg2 Bg7 5. Nf3 d6 6. O-O e5 7. a3 a5 8. Ne1 Be6 9. d3 Nge7 10. Nc2 d5 11. cxd5 Nxd5 12. Ne4 b6 13. Ng5 Bc8 14. Ne3 Nde7 15. Qa4 Bd7 16. Qb3 O-O 17. Nc4 Rb8 18. Nd6 Nd4 19. Qd1 Ba4 20. Qxa4 Nxe2+ 21. Kh1 Qxd6 22. Be3 Nd4 23. Ne4 Qc7 24. b4 Nd5 25. bxc5 bxc5 26. Rac1 Nxe3 27. fxe3 Nb3 28. Rc2 f5 29. Ng5 Qd8 30. Qc4+ Kh8 31. Ne6 Qd6 32. Nxf8 Bxf8 33. Rb2 a4 34. Qxa4 Qxd3 35. Qa7 Rd8 36. Qc7 e4 37. Rxb3 Rd7 38. Qe5+ Bg7 39. Qe8+ 1-0


[Site "https://www.chess.com"]

[Event "Titled Tuesday Blitz August 1 Late 2023"]
[White "Mesa Cruz, Juan Carlos"]
[Black "Feliz Dotel, Dewar Bienvenido"]
[WhiteFideId "6423400"]
[BlackFideId "6402801"]
[WhiteElo "2347"]
[BlackElo "2162"]
[Result "1-0"]
[Round "8"]
[TimeControl "180+1"]
[Date "2023.08.01"]
[WhiteClock "0:00:02"]
[BlackClock "0:00:00"]
[Board "120"]

1. d4 d5 2. c4 e6 3. Nc3 c5 4. cxd5 exd5 5. Nf3 Nf6 6. Bg5 c4 7. g3 Be6 8. Bg2 Nc6 9. O-O Be7 10. b3 cxb3 11. Qxb3 b6 12. Ne5 Rc8 13. Nxc6 Rxc6 14. Bxf6 Bxf6 15. Nxd5 Bxd5 16. Bxd5 Rc7 17. Qb5+ Kf8 18. e3 g6 19. Rac1 Kg7 20. Bb3 Qe7 21. d5 Rhc8 22. Rc6 Qd7 23. Rfc1 Rxc6 24. dxc6 Qd6 25. Qc4 Rc7 26. Qc2 h5 27. Ba4 a6 28. Rd1 Qe5 29. Bb3 b5 30. a4 bxa4 31. Bxa4 Qa5 32. Bb3 Qb4 33. Rd7 Rxd7 34. cxd7 Qd6 35. Ba4 Qe7 36. Qc4 a5 37. Qd5 1-0


[Site "https://www.chess.com"]

[Event "Titled Tuesday Blitz August 1 Late 2023"]
[White "Rodriguez Santiago, Jaime"]
[Black "dorpato"]
[WhiteFideId "3100898"]
[WhiteElo "2343"]
[BlackElo "2042"]
[Result "0-1"]
[Round "8"]
[TimeControl "180+1"]
[Date "2023.08.01"]
[WhiteClock "0:00:03"]
[BlackClock "0:00:08"]
[Board "121"]

1. c4 e5 2. Nc3 Nc6 3. g3 g6 4. Bg2 d6 5. e4 Bg7 6. Nge2 Be6 7. d3 Qd7 8. h3 h6 9. Be3 f5 10. Nd5 Nf6 11. Rc1 O-O 12. f4 Bf7 13. O-O Ne7 14. Nxf6+ Bxf6 15. fxe5 dxe5 16. Bxh6 Bg7 17. Bxg7 Kxg7 18. Qc2 Rad8 19. Rcd1 Be6 20. Kh2 Nc6 21. exf5 Bxf5 22. Qc3 Nd4 23. Nxd4 Qxd4 24. Qxd4 Rxd4 25. Bxb7 Rfd8 26. b3 Rxd3 27. Rxd3 Rxd3 28. Rf2 Rd1 29. Bd5 Ra1 30. g4 Bb1 31. a4 Ba2 32. c5 Rd1 33. Bc4 Bb1 34. g5 Be4 35. Rf7+ Kh8 36. Kg3 Rg1+ 37. Kf2 Rxg5 38. h4 Rf5+ 39. Rxf5 gxf5 40. Ke3 Kg7 41. b4 Kg6 42. Be2 Bb1 43. h5+ Kg5 44. b5 f4+ 45. Kf2 e4 46. a5 e3+ 47. Kf3 Bf5 48. Kg2 Be4+ 49. Bf3 e2 50. Kf2 Bxf3 51. b6 cxb6 52. cxb6 axb6 53. a6 Ba8 54. a7 f3 55. Ke1 Kxh5 56. Kf2 Kg4 57. Ke1 Kg3 58. Kd2 Kf2 59. Kc3 e1=Q+ 60. Kc4 Qe5 61. Kb4 Ke2 62. Ka3 Qb5 63. Ka2 Kd2 64. Ka1 Kc2 0-1


[Site "https://www.chess.com"]

[Event "Titled Tuesday Blitz August 1 Late 2023"]
[White "Dominguez Rincon, Miller Duvan"]
[Black "Harshal, Shahi"]
[WhiteFideId "4406583"]
[BlackFideId "5048257"]
[WhiteElo "2000"]
[BlackElo "2316"]
[Result "1-0"]
[Round "8"]
[TimeControl "180+1"]
[Date "2023.08.01"]
[WhiteClock "0:00:19"]
[BlackClock "0:00:00"]
[Board "123"]

1. e4 c5 2. Nf3 d6 3. d4 cxd4 4. Nxd4 Nf6 5. Nc3 g6 6. Be3 Bg7 7. f3 Nc6 8. Qd2 Qa5 9. Bc4 Nxd4 10. Bxd4 Be6 11. Bb5+ Bd7 12. Bxd7+ Kxd7 13. O-O-O Ne8 14. Kb1 Bxd4 15. Qxd4 Nc7 16. e5 Ne6 17. Qe4 Rac8 18. exd6 exd6 19. Qxb7+ Rc7 20. Qb5+ Qxb5 21. Nxb5 Rc6 22. Rd2 a6 23. Nc3 Rb8 24. Kc1 a5 25. Rhd1 h5 26. Ne4 Rbb6 27. b3 f5 28. Nf6+ Kc8 29. Nd5 Rb7 30. h4 a4 31. g3 axb3 32. axb3 Kd8 33. Kb2 Ke8 34. Ra1 Kf7 35. Ra8 Nc7 36. Nf4 Nxa8 37. Ne6 Nc7 38. Nd8+ Ke8 39. Nxc6 Kd7 40. Ne5+ Ke6 41. Nxg6 d5 42. Nf4+ Ke5 43. Nxh5 Kd6 44. Nf4 Ke5 45. Nd3+ Kd6 46. h5 Ke6 47. g4 Kf6 48. Nf4 Ke5 49. Ng6+ Ke6 50. Nf4+ Ke5 51. Nd3+ Kf6 52. Re2 fxg4 53. fxg4 Ne6 54. Rxe6+ Kxe6 55. Nc5+ Kf6 56. Nxb7 Kg5 57. Nc5 Kxg4 58. h6 Kh5 59. h7 1-0


[Site "https://www.chess.com"]

[Event "Titled Tuesday Blitz August 1 Late 2023"]
[White "Miranda, Rafael"]
[Black "Vaglio Munoz, Jaime"]
[WhiteFideId "130990"]
[BlackFideId "6500145"]
[WhiteElo "2610"]
[BlackElo "2265"]
[Result "1-0"]
[Round "8"]
[TimeControl "180+1"]
[Date "2023.08.01"]
[WhiteClock "0:00:09"]
[BlackClock "0:00:38"]
[Board "124"]

1. e4 c5 2. Nf3 Qa5 3. Nc3 a6 4. a4 b5 5. Be2 Bb7 6. d3 b4 7. Nd5 e6 8. Ne3 Nf6 9. Nc4 Qc7 10. e5 Nd5 11. a5 Nc6 12. d4 cxd4 13. Nxd4 Nxe5 14. Nxe5 Qxe5 15. O-O Bc5 16. Nb3 Ba7 17. Bf3 O-O 18. Re1 Qf6 19. Qe2 Rab8 20. Rb1 h6 21. Bd2 Rfc8 22. Qd3 Rc7 23. Rbc1 Rbc8 24. Re2 Qxb2 25. h4 Rxc2 26. Rd1 Nc3 27. Bxb7 Nxe2+ 28. Qxe2 R8c7 29. Qxa6 Bxf2+ 30. Kxf2 Qxb3 31. Be4 R2c6 32. Qe2 d5 33. Bb1 Qa4 34. Bf4 Rd7 35. Qd3 f5 36. Re1 b3 37. Be5 Qxa5 38. Qg3 Qc5+ 39. Kf1 Qc4+ 40. Kg1 Qg4 41. Qxb3 f4 42. Qb8+ Kf7 43. Rf1 g5 44. h5 Qxh5 45. Qh8 Qg6 46. Bxg6+ Kxg6 47. Qf6+ Kh5 48. Ra1 Kg4 49. Ra3 d4 50. Qxh6 Rc1+ 51. Kh2 d3 52. Qh3# 1-0


[Site "https://www.chess.com"]

[Event "Titled Tuesday Blitz August 1 Late 2023"]
[White "Curtis, John"]
[Black "Jahnz, Fabian"]
[WhiteFideId "3200256"]
[BlackFideId "4653300"]
[WhiteElo "2085"]
[BlackElo "2349"]
[Result "1-0"]
[Round "8"]
[TimeControl "180+1"]
[Date "2023.08.01"]
[WhiteClock "0:00:39"]
[BlackClock "0:00:17"]
[Board "125"]

1. d4 d5 2. Nf3 Bf5 3. c4 e6 4. Nc3 Nf6 5. Bg5 Be7 6. Bxf6 Bxf6 7. cxd5 exd5 8. Qb3 O-O 9. Qxd5 Qxd5 10. Nxd5 Nc6 11. Nxf6+ gxf6 12. a3 Rad8 13. e3 Rfe8 14. Be2 Be4 15. O-O f5 16. Ng5 f4 17. Nxe4 Rxe4 18. Bf3 Re7 19. Bxc6 bxc6 20. Rfe1 Rde8 21. Rac1 Re6 22. Rc3 Rd6 23. Kf1 Rb8 24. b4 Rh6 25. exf4 Rxh2 26. Re7 Kf8 27. Rxc7 Rh1+ 28. Ke2 Re8+ 29. Re3 Rd8 30. Rd3 Rg1 31. Kf3 Rc1 32. d5 Rd6 33. b5 c5 34. Rc6 Rd7 35. d6 c4 36. Rd4 c3 37. Rd3 c2 38. Rdc3 Ra1 39. Rxc2 Rxa3+ 40. Ke2 Rb3 41. Rc8+ Kg7 42. R2c6 Rxb5 43. R8c7 Rd8 44. Rxa7 Rb2+ 45. Kf3 Rd2 46. Rcc7 Rd3+ 47. Ke4 R8xd6 48. Rxf7+ Kg6 49. Rg7+ Kf6 50. Raf7+ 1-0


[Site "https://www.chess.com"]

[Event "Titled Tuesday Blitz August 1 Late 2023"]
[White "Papp, Petra"]
[Black "Ramadoss, Ashokkumar"]
[WhiteFideId "739049"]
[BlackFideId "5040990"]
[WhiteElo "2424"]
[BlackElo "2305"]
[Result "0-1"]
[Round "8"]
[TimeControl "180+1"]
[Date "2023.08.01"]
[WhiteClock "0:02:37"]
[BlackClock "0:02:59"]
[Board "126"]

1. e4 e6 2. d4 d5 3. Nc3 Bb4 4. e5 c5 5. a3 Bxc3+ 6. bxc3 Ne7 7. Qg4 O-O 8. Bd3 Nbc6 9. Nf3 f5 10. exf6 Rxf6 11. Bg5 e5 12. Qh4 e4 13. Bxf6 gxf6 14. O-O exd3 15. cxd3 Ng6 16. Qxh7+ Kxh7 0-1


[Site "https://www.chess.com"]

[Event "Titled Tuesday Blitz August 1 Late 2023"]
[White "Silvestre, Christian"]
[Black "Broca Jimenez, Fernando"]
[WhiteFideId "30956269"]
[BlackFideId "5104742"]
[WhiteElo "2314"]
[BlackElo "2220"]
[Result "1-0"]
[Round "8"]
[TimeControl "180+1"]
[Date "2023.08.01"]
[WhiteClock "0:01:02"]
[BlackClock "0:00:33"]
[Board "127"]

1. d4 g6 2. e4 Bg7 3. c3 d6 4. Nf3 Nf6 5. Bd3 O-O 6. h3 Nc6 7. d5 Ne5 8. Nxe5 dxe5 9. O-O e6 10. c4 exd5 11. cxd5 c6 12. dxc6 bxc6 13. Qc2 Rb8 14. Be3 Qa5 15. Na3 Ba6 16. Nc4 Bxc4 17. Bxc4 Qb4 18. b3 Rfd8 19. Bxa7 Rd2 20. Qb1 Rbd8 21. Be3 R2d7 22. Qc2 Nh5 23. g3 Kh8 24. a4 Nf6 25. a5 Ne8 26. Ra4 Qb8 27. a6 Qa8 28. Bb6 Rb8 29. Bc5 Nd6 30. Rd1 Rbd8 31. Bxd6 Rxd6 32. Rxd6 Rxd6 33. Bxf7 Bh6 34. Qc5 Rd1+ 35. Kg2 Bg7 36. a7 Rd7 37. Be8 Rc7 38. Qb6 Rc8 39. Bxc6 Rxc6 40. Qxc6 Qxc6 41. a8=Q+ Qxa8 42. Rxa8+ Bf8 1-0


[Site "https://www.chess.com"]

[Event "Titled Tuesday Blitz August 1 Late 2023"]
[White "Gyulamiryan-koryun"]
[Black "Gerbelli Neto, Eduardo"]
[BlackFideId "2103281"]
[WhiteElo "2105"]
[BlackElo "2304"]
[Result "0-1"]
[Round "8"]
[TimeControl "180+1"]
[Date "2023.08.01"]
[WhiteClock "0:00:05"]
[BlackClock "0:00:08"]
[Board "128"]

1. e4 e5 2. Nf3 Nc6 3. Bc4 Nf6 4. Ng5 d5 5. exd5 Nd4 6. c3 b5 7. Bf1 Nxd5 8. Nxf7 Kxf7 9. cxd4 exd4 10. Bxb5 Qe7+ 11. Qe2 Qxe2+ 12. Bxe2 Nf4 13. Bf3 Rb8 14. O-O Ba6 15. Rd1 Bd6 16. g3 Ne2+ 17. Kg2 Nxc1 18. Rxc1 Rxb2 19. d3 Bxd3 20. Bd5+ Kf6 21. Rd1 Bxb1 22. Raxb1 Rxb1 23. Rxb1 Bc5 24. Re1 Rd8 25. Re6+ Kf5 26. Bc4 d3 27. Kf3 h5 28. Re1 g5 29. Rd1 g4+ 30. Kg2 d2 31. f3 Ke5 32. h3 gxh3+ 33. Kxh3 Be3 34. f4+ Kd4 35. Be2 Kc3 36. Kg2 h4 37. Kf3 Kd4 38. gxh4 Rf8 39. h5 Rxf4+ 40. Kg3 Rf2 41. Bg4 Rf8 42. Bf5 Rxf5 43. Kg4 Rg5+ 44. Kf3 Rg1 45. Ke2 Rxd1 46. Kxd1 c5 47. a4 Kd3 48. a5 c4 49. a6 c3 50. h6 c2# 0-1


[Site "https://www.chess.com"]